 Dungeon Crawl Stone Soup version 0.21.1-1-g345015f (webtiles) character file.

37 aagent17 the Skirmisher (level 3, -1/29 HPs)
             Began as a Demonspawn Abyssal Knight on June 3, 2018.
             Was a Follower of Lugonu.
             Slain by a goblin
             ... wielding a +0 dagger
              (4 damage)
             ... on level 2 of the Dungeon.
             The game lasted 00:09:52 (1587 turns).

aagent17 the Skirmisher (Demonspawn Abyssal Knight) Turns: 1587, Time: 00:09:53

Health: -1/29      AC:  0    Str: 13    XL:     3   Next: 23%
Magic:  4/4        EV: 12    Int: 13    God:    Lugonu [*.....]
Gold:   66         SH:  0    Dex: 12    Spells: 2/2 levels left

rFire    . . .     SeeInvis .   a - +2 falchion
rCold    . . .     Gourm    .   (no shield)
rNeg     . . .     Faith    .   (no armour)
rPois    .         Spirit   .   (helmet restricted)
rElec    .         Reflect  .   (no cloak)
rCorr    .         Harm     .   (no gloves)
MR       .....                  (no boots)
Stlth    +.........             (no amulet)
HPRegen  0.09/turn              (no ring)
MPRegen  0.09/turn              (no ring)

@: no status effects
A: horns 2
a: Depart the Abyss, Renounce Religion


You were on level 2 of the Dungeon.
You worshipped Lugonu.
Lugonu was aware of your devotion.
You were full.

You visited 1 branch of the dungeon, and saw 2 of its levels.
You visited the Abyss 1 time.

You collected 66 gold pieces.

Inventory:

Hand Weapons
 a - a +2 falchion (weapon)
 e - a +0 hunting sling
 g - a +0 short sword
 p - a +0 war axe
Missiles
 c - 18 arrows
 l - 13 poisoned needles
Armour
 b - a +0 leather armour
 d - a +0 leather armour
 h - a +0 chain mail
 i - a +0 leather armour
Scrolls
 f - a scroll of enchant armour {unknown}
 n - a scroll of fog {unknown}
Potions
 k - a potion of brilliance {unknown}
 o - a potion of ambrosia {unknown}


   Skills:
 + Level 3.5 Fighting
 + Level 2.1 Long Blades
 + Level 2.4 Armour
 + Level 1.1 Dodging
 + Level 0.1 Stealth
 + Level 2.4 Invocations


You had 2 spell levels left.
You didn't know any spells.

Dungeon Overview and Level Annotations

Branches:
Dungeon (2/15)

Altars:
Xom
Zin


Innate Abilities, Weirdness & Mutations

You have a pair of horns on your head.


Message History

The giant cockroach is lightly wounded.
The giant cockroach closely misses you.
You riposte.
You slash the giant cockroach!
You kill the giant cockroach!
Lugonu accepts your kill.
You see here a giant cockroach corpse.
A kobold comes into view. It is wielding a club.
Something unseen opens the door.
The kobold shouts!
A goblin comes into view. It is wielding a dagger.
The kobold hits you with a club.
* * * LOW HITPOINT WARNING * * *
The goblin shouts!
The kobold hits you with a club.
* * * LOW HITPOINT WARNING * * *
The kobold misses you.
You riposte.
You hit the kobold.
You kill the kobold!
Lugonu accepts your kill. The goblin hits you with a dagger.
You die...

#. ...# #.
...# #.#'#.#
#.#.#.###
#.#.....
#.#...#
#.g...#
#.@...#
......#...##
#.### ##..#
.###.##..#
.........#
####.##.## #
#.# #### #.#
.....##.##


You could see a goblin.

Vanquished Creatures
  A worm (D:2)
  A dart slug (D:1)
  A leopard gecko (D:1)
  2 giant cockroaches
  A hobgoblin (D:2)
  4 jackals (D:1)
  4 bats
  3 goblins (D:1)
  9 kobolds
  3 rats
29 creatures vanquished.

Notes
Turn   | Place    | Note
-------+----------+-------------------------------------------
     0 | Abyss:1  | aagent17 the Demonspawn Abyssal Knight began the quest for the Orb.
     0 | Abyss:1  | Reached XP level 1. HP: 18/18 MP: 2/2
     0 | D:1      | Escaped the Abyss
     8 | D:1      | Noticed a redback
     8 | D:1      | Noticed a salamander
     8 | D:1      | Noticed a wyvern
     9 | D:1      | Noticed a swamp worm
     9 | D:1      | Noticed a black bear
   673 | D:1      | Gained mutation: You have a pair of small horns on your head. [demonic ancestry]
   673 | D:1      | Reached XP level 2. HP: 15/24 MP: 3/3
   845 | D:1      | Reached * piety under Lugonu
   984 | D:1      | Reached skill level 1 in Dodging
  1380 | D:2      | Noticed an angel
  1382 | D:2      | Found a shimmering altar of Xom.
  1383 | D:2      | Found a glowing silver altar of Zin.
  1453 | D:2      | Gained mutation: You have a pair of horns on your head. [demonic ancestry]
  1453 | D:2      | Reached XP level 3. HP: 26/29 MP: 4/4
  1587 | D:2      | Slain by a goblin

Skill      XL: |  1  2  3 |
---------------+----------+-----
Armour         | 2 |  2.4
Dodging        | 1 |  1.1
Long Blades    | 2 |  2.1
Fighting       | |  3.5
Stealth        | |  0.1
Invocations    | |  2.4

Action                   || total
-------------------------++-------
Melee: Falchion          ||    61
       Headbutt          ||     5
Invok: Depart the Abyss  ||     1
  Use: Scroll            ||     4
  Eat: Ration            ||     2
Armor: Leather armour    ||    31
       Chain mail        ||     1
Dodge: Dodged            ||    68
       Rpst.: Falchion   ||    23
